 Dungeon Crawl Stone Soup version 0.30.1-11-g7821555f0a (webtiles) character file.

Game seed: 11789220630722065186

5009 comborobin the Markskobold (level 10, -8/56 HPs)
             Began as a Kobold Hunter on Nov 16, 2023.
             Was a Follower of Cheibriados.
             Mangled by an ogre
             ... wielding a +0 giant club
             ... led by Lodul
              (23 damage)
             ... on level 10 of the Dungeon.
             The game lasted 00:12:06 (10191 turns).

comborobin the Markskobold (Kobold Hunter)         Turns: 10191, Time: 00:12:07

Health: -8/56      AC: 24    Str: 10    XL:     10   Next: 84%
Magic:  19/19      EV: 14    Int: 14    God:    Cheibriados [*.....]
Gold:   692        SH:  0    Dex: 27    Spells: 9/9 levels left

rFire   + + .        g - +3 arbalest (flame)
rCold   + . .        (shield currently unavailable)
rNeg    . . .        v - +4 shadow dragon scales of Ru's Envy {*Slow MP+9 Dex+3 Slay+5 Stlth++++}
rPois   +            (no helmet)
rElec   +            (no cloak)
rCorr   +            j - +2 pair of gloves
SInv    .            (no boots)
Will    +....        B - amulet of the acrobat
Stlth   +++++        h - ring "Kedat" {rF+ Will+}
HPRegen 0.29/turn    y - +5 ring of evasion
MPRegen 0.16/turn

%: slow self (1%), acrobat
@: resistant, very slow
A: small, no large weapons, nightstalker 3
a: Renounce Religion, Bend Time


You were on level 10 of the Dungeon.
You worshipped Cheibriados.
Cheibriados was aware of your devotion.
You visited 2 branches of the dungeon, and saw 11 of its levels.

You collected 1732 gold pieces.
You spent 1040 gold pieces at shops.

Inventory:

Hand Weapons
 a - a +0 shortbow of draining
 g - a +3 arbalest of flaming (weapon)
 q - a +1 dagger of venom
Missiles
 s - a throwing net
Armour
 c - a +0 leather armour
 j - a +2 pair of gloves (worn)
 v - the +4 shadow dragon scales of Ru's Envy (worn) {*Slow MP+9 Dex+3 Slay+5 Stlth++++}
   (You found it on level 8 of the Dungeon)

   Dex:       It affects your dexterity (+3).
   Slay:      It affects your accuracy & damage with ranged weapons and melee
   (+5).
   MP:        It affects your magic capacity (+9).
   *Slow:     It may slow you when you take damage.
   Stlth:     It makes you much more stealthy.
Jewellery
 h - the ring "Kedat" (left hand) {rF+ Will+}
   (You acquired it on level 2 of the Dungeon)

   [ring of willpower]

   rF:        It protects you from fire.
   Will:      It increases your willpower.
 p - a ring of wizardry
 u - a ring of willpower
 w - a ring of protection from fire
 x - a ring of fire
 y - a +5 ring of evasion (right hand)
 A - a ring of willpower
 B - an amulet of the acrobat (around neck)
 C - a +4 ring of slaying
Scrolls
 b - 2 scrolls of immolation
 k - a scroll of vulnerability
 n - 4 scrolls of poison
 o - 5 scrolls of amnesia
 r - 5 scrolls of magic mapping
 t - 7 scrolls of identify
Potions
 d - 2 potions of brilliance
 e - a potion of cancellation
 f - 2 potions of might
 m - 4 potions of flight
 z - a potion of curing


   Skills:
 + Level 3.9 Fighting
 - Level 15.0 Ranged Weapons
 + Level 11.9 Armour
 - Level 2.4 Dodging
 - Level 1.3 Stealth


You had 9 spell levels left.
You didn't know any spells.
Your spell library contained the following spells:

 Spells                   Type           Power      Damage    Failure   Level
 Apportation              Tloc           0%         N/A       100%        1
 Necrotise                Necr           0%         1d4       100%        1
 Slow                     Hex            0%         N/A       100%        1
 Summon Small Mammal      Summ           0%         N/A       100%        1
 Blink                    Tloc           0%         N/A       100%        2
 Lesser Beckoning         Tloc           0%         N/A       100%        2
 Momentum Strike          Conj/Tloc      0%         3d8       100%        2
 Sublimation of Blood     Necr           0%         N/A       100%        2
 Call Canine Familiar     Summ           0%         N/A       100%        3
 Confusing Touch          Hex            0%         N/A       100%        3
 Portal Projectile        Hex/Tloc       0%         N/A       100%        3
 Stone Arrow              Conj/Erth      0%         3d7       100%        3
 Summon Guardian Golem    Hex/Summ       0%         N/A       100%        3
 Vampiric Draining        Necr           0%         2d6       100%        3
 Animate Armour           Summ/Erth      0%         N/A       100%        4
 Leda's Liquefaction      Hex/Erth       0%         N/A       100%        4
 Petrify                  Tmut/Erth      0%         N/A       100%        4
 Alistair's Intoxication  Tmut/Pois      0%         N/A       100%        5
 Irradiate                Conj/Tmut      0%         3d11      100%        5
 Orb of Destruction       Conj           0%         9d5       100%        7
 Spellforged Servitor     Conj/Summ      0%         N/A       100%        7
 Lehudib's Crystal Spear  Conj/Erth      0%         10d2      100%        8


Dungeon Overview and Level Annotations

Branches:
Dungeon (10/15)            Temple (1/1) D:7            Lair (0/5) D:9
    Orc: D:9-12

Altars:
Cheibriados
Dithmenos
Fedhas
Hepliaklqana
Sif Muna
Wu Jian
The Shining One

Shops:
D:2 *[!   D:5 :

Annotations:
D:2 2 transporters
D:5 2 transporters
D:10 Lodul


Innate Abilities, Weirdness & Mutations

You are small and have problems with some larger weapons.
You are completely attuned to the shadows.


Message History

No target in view!
You start resting.
HP restored.
You open the door.
There is an open door here.
You open the door.
Lodul and 3 ogres come into view.
Lodul is wielding a +0 great mace of holy wrath.
The ogre shouts! x2; You hear a shout! x3
An ogre opens the door.
A wraith comes into view.
An ogre comes into view. It is wielding a +0 giant club. x2
You hear a shout!
Lodul shouts!
There is an open door here.
You hear a shout! x2
Lodul jingles a heavy purse and winks.
You hear a shout!
The ogre attacks as you move away! The ogre completely misses you.
The ogre attacks as you move away! The ogre closely misses you.
You shoot a bolt. The bolt hits the ogre!
The bolt burns the ogre.
The ogre is severely wounded.
The ogre misses you.
Electricity crackles from Lodul's apparatus.
The bolt of lightning hits you!!
Ouch! That really hurt!
Okay, then.
Okay, then.
You aren't carrying any items that you can evoke.
Unknown command.
Okay, then.
Press: ? - help, v - describe, . - travel
Here: Lodul, wielding a +0 great mace of holy wrath The floor.
As you read the scroll of fog, it crumbles to dust.
The scroll dissolves into smoke.
You feel protected.
The ogre hits you with a +0 giant spiked club!
* * * LOW HITPOINT WARNING * * *
The ogre hits you with a +0 giant club!!
You die...

.. ..O. ###'#....
#...#....
#...#O.W.
#..W'....
#...#....
#########...######
#>......#.OO##O§§#
#.#.....#..§WO@§§#
#.#.....#...######
###.......##'##..
.................
...........###...
....#####..###...
.................
###############


You could see a wraith and 2 ogres.

Vanquished Creatures
  Snorg (D:10)
  Erica (D:8)
  A troll (D:9)
  Prince Ribbit (D:9)
  2 wyverns
  2 wargs (D:9)
  A water moccasin (D:6)
  2 orc warriors
  4 sky beasts
  An ice beast (D:5)
  An ogre (D:6)
  A centaur (D:9)
  A phantom (D:4)
  2 kobold brigands
  2 bullfrogs
  3 wights (D:10)
  10 killer bees
  3 howler monkeys
  A crimson imp (D:4)
  A gnoll bouda (D:8)
  A jelly (D:6)
  4 hounds
  2 orc priests
  6 iguanas
  7 orc wizards
  3 gnolls (D:8)
  8 adders
  A shadow imp (D:7)
  2 white imps
  2 dart slugs
  24 orcs
  8 bats
  9 endoplasms
  5 giant cockroaches
  5 hobgoblins
  4 jackals (D:5)
  4 quokkas
  8 ball pythons
  2 frilled lizards (D:3)
  9 goblins
  A goblin skeleton (D:4)
  A goblin zombie (D:4)
  3 hobgoblin zombies (D:4)
  19 kobolds
  A kobold skeleton (D:4)
  A kobold zombie (D:4)
  2 orc skeletons (D:4)
  2 orc zombies (D:4)
  8 rats
193 creatures vanquished.

Vanquished Creatures (others)
  An orc wizard (D:7)
1 creature vanquished.

Grand Total: 194 creatures vanquished

Notes
Turn   | Place    | Note
-------+----------+-------------------------------------------
     0 | D:1      | comborobin the Kobold Hunter began the quest for the Orb.
     0 | D:1      | Reached XP level 1. HP: 12/12 MP: 1/1
   120 | D:1      | Reached XP level 2. HP: 17/17 MP: 2/2
   187 | D:1      | Reached skill level 6 in Ranged Weapons
   692 | D:2      | Identified 3 scrolls of acquirement
   694 | D:2      | Acquired a +3 arbalest of flaming
   696 | D:2      | Acquired the ring "Kedat" {rF+ Will+}
   699 | D:2      | Acquired 1255 gold pieces
   704 | D:2      | Found Butaq's Assorted Antiques.
   713 | D:2      | Reached XP level 3. HP: 21/21 MP: 3/3
   885 | D:2      | Found Tufigh's Armour Shoppe.
   993 | D:2      | Reached skill level 7 in Ranged Weapons
  1011 | D:2      | Found Muhoq's Distillery.
  1124 | D:2      | Reached XP level 4. HP: 26/26 MP: 4/4
  1326 | D:2      | Found a transporter.
  1431 | D:2      | Found a transporter.
  2090 | D:3      | Reached XP level 5. HP: 16/30 MP: 5/5
  2237 | D:3      | Reached skill level 8 in Ranged Weapons
  3049 | D:4      | Found a glowing golden altar of the Shining One.
  3069 | D:4      | Became a worshipper of the Shining One
  3458 | D:4      | Noticed a phantom
  3460 | D:4      | Killed a phantom
  3461 | D:4      | Reached skill level 9 in Ranged Weapons
  3461 | D:4      | Reached XP level 6. HP: 35/35 MP: 6/6
  3680 | D:5      | Entered Level 5 of the Dungeon
  3687 | D:5      | Noticed an ice beast
  3690 | D:5      | Killed an ice beast
  3691 | D:5      | Reached skill level 10 in Ranged Weapons
  3691 | D:5      | Reached XP level 7. HP: 40/40 MP: 7/7
  3739 | D:5      | Reached skill level 11 in Ranged Weapons
  3778 | D:5      | Found a transporter.
  3975 | D:5      | Found a transporter.
  3980 | D:5      | Noticed a fire bat
  4087 | D:5      | Reached * piety under the Shining One
  4154 | D:5      | Found Golerphep's Self-Improvement Boutique.
  4585 | D:6      | Reached skill level 12 in Ranged Weapons
  4585 | D:6      | Reached XP level 8. HP: 44/44 MP: 8/8
  4749 | D:6      | Noticed a wyvern
  4758 | D:6      | Killed a wyvern
  4919 | D:6      | Reached skill level 13 in Ranged Weapons
  5268 | D:6      | Reached skill level 14 in Ranged Weapons
  5431 | D:7      | Reached XP level 9. HP: 48/48 MP: 9/9
  6212 | D:7      | Found a staircase to the Ecumenical Temple.
  6567 | D:8      | Reached skill level 15 in Ranged Weapons
  6623 | D:8      | Noticed Erica
  6903 | D:8      | Identified the +4 shadow dragon scales of Ru's Envy {*Slow
                  | MP+9 Dex+3 Slay+5 Stlth++++}
  7025 | D:5      | Bought a manual of Armour for 1040 gold pieces
  7592 | D:8      | Killed Erica
  7770 | D:8      | Found a blossoming altar of Fedhas.
  8113 | D:9      | Reached XP level 10. HP: 53/53 MP: 10/10
  8244 | Temple   | Entered the Ecumenical Temple
  8426 | Temple   | Fell from the grace of the Shining One
  8426 | Temple   | Became a worshipper of Cheibriados the Contemplative
  8893 | D:9      | Noticed Prince Ribbit
  8896 | D:9      | Killed Prince Ribbit
  8897 | D:9      | Reached skill level 10 in Armour
  8927 | D:9      | Reached * piety under Cheibriados
  9250 | D:9      | Found a staircase to the Lair.
 10016 | D:10     | Entered Level 10 of the Dungeon
 10105 | D:10     | Noticed Snorg
 10113 | D:10     | Killed Snorg
 10182 | D:10     | Noticed Lodul
 10191 | D:10     | Mangled by an ogre

Illustrated notes

Levels and vault maps discovered:
D:1:      dpeg_arrival_central, layout_loops_ring, serial_bayou_pond_a,
          minmay_pentomino_s2
D:2:      layout_basic, serial_shops, shop_fountains, nicolae_shop_drivethru,
          shop, nicolae_shop_stone, uniq_terence
D:3:      layout_basic, minmay_ruptured
D:4:      layout_gridville, nicolae_tso_besieged_by_evil
D:5:      gammafunk_cloud_chamber, layout_cave_pools, nicolae_shop_self_help
D:6:      layout_basic
D:7:      layout_basic, minmay_temple_entry_tees
D:8:      layout_loops_ring, amcnicky_altar_gilded, uniq_erica
D:9:      layout_layer_cave, erik_lair_orcish_takeover, uniq_prince_ribbit1
D:10:     layout_stronghold, erik_orc_3, minivault_25, uniq_snorg, uniq_lodul,
          uniq_josephine
Temple:   mainiacjoe_temple_big_plus

Skill      XL: |  1  2  3  4  5  6  7  8  9 10 |
---------------+-------------------------------+-----
Ranged Weapons | 6 7 9 10 12 14 15 | 15.0
Armour         | 8 11 | 11.9
Fighting       | 3 |  3.9
Dodging        | |  2.4
Stealth        | |  1.3

Action                     |  1- 3 |  4- 6 |  7- 9 | 10-12 || total
---------------------------+-------+-------+-------+-------++-------
   Fire: Shortbow          |    30 |       |       |       ||    30
         Arbalest          |    27 |    81 |   178 |    67 ||   353
 Invoke: Divine Shield     |       |       |     1 |       ||     1
    Use: Scroll            |     7 |     2 |     1 |     7 ||    17
         Potion            |       |       |    15 |     1 ||    16
 Armour: Leather armour    |     4 |     3 |     9 |       ||    16
         Shadow dragon sca |       |       |    16 |    47 ||    63
  Dodge: Dodged            |    11 |    32 |   131 |    72 ||   246
  Block: Other             |       |       |     2 |       ||     2
